 Dungeon Sprint DCSS version 0.20.1-1-g8b1a95d (webtiles) character file.

23143 potatolord6000 the Grim Reaper (level 12, -3/106 HPs)
             Began as a Demonspawn Fighter on Aug 28, 2017.
             Was the Champion of Yredelemnul.
             Slain by an Orb Guardian (19 damage)
             ... in the Dungeon (Sprint V: "Ziggurat Sprint").
             The game lasted 00:10:33 (854 turns).

potatolord6000 the Grim Reaper (Demonspawn Fighter)  Turns: 854, Time: 00:10:33

Health: -3/106     AC: 38    Str: 25    XL:     12   Next: 69%
Magic:  22/28      EV:  5    Int: 10    God:    Yredelemnul [******]
Gold:   0          SH: 31    Dex: 13    Spells: 36/36 levels left

rFire    . . .     SeeInvis +   b - +9 sword of Zonguldrok {reap}
rCold    + . .     Gourm    .   m - +18 shield of the Gong {rElec rN+ MR+ EV-5}
rNeg     + . .     Faith    +   l - +15 Maxwell's patent armour {-Cast -Tele rElec MR+ rCorr}
rPois    .         Spirit   .   (no helmet)
rElec    +         Reflect  .   A - +1 cloak {MR+}
rCorr    +         Harm     .   (no gloves)
MR       ++++.     NoTele   +   (no boots) Stlth ..........NoCast +
                                w - amulet of faith
Regen    0.3/turn               z - ring "Xonykk" {MR+ Str+4 SInv}
MPRegen  0.3/turn               y - +5 ring of protection

@: lethally poisoned (-3 -> -30), studying Axes
A: claws 1, repulsion field 2, cold resistance 1, demonic guardian 2, foul
stench 1, rot immunity
a: Recall Undead Slaves, Injury Mirror, Animate Dead, Drain Life, Enslave Soul,
Renounce Religion


You were in the Dungeon.
You worshipped Yredelemnul.
Yredelemnul was exalted by your worship.
You were full.

You visited 1 branch

Inventory:

Hand Weapons
 b - the +9 sword of Zonguldrok (weapon) {reap}
   (You found it in the Dungeon)

   If a monster killed with it leaves a corpse in good enough shape, the corpse
   will be animated as a zombie friendly to the killer.
Armour
 l - the +15 Maxwell's patent armour (worn) {-Cast -Tele rElec MR+ rCorr}
   (You found it in the Dungeon)

   It insulates you from electricity.
   It affects your resistance to hostile enchantments.
   It prevents spellcasting.
   It prevents most forms of teleportation.
   It protects you from acid and corrosion.
 m - the +18 shield of the Gong (worn) {rElec rN+ MR+ EV-5}
   (You found it in the Dungeon)

   It affects your evasion (-5).
   It insulates you from electricity.
   It protects you from negative energy.
   It affects your resistance to hostile enchantments.
 A - a +1 cloak of magic resistance (worn)
Jewellery
 w - an amulet of faith (around neck)
 y - a +5 ring of protection (right claw)
 z - the ring "Xonykk" (left claw) {MR+ Str+4 SInv}
   (You found it in the Dungeon)

   [ring of see invisible]

   It affects your strength (+4).
   It affects your resistance to hostile enchantments.
   It lets you see invisible.
Scrolls
 k - 4 scrolls of blinking
 n - 4 scrolls of amnesia
 o - 3 scrolls of recharging
 p - 7 scrolls of fog
 q - 5 scrolls of identify
 r - 5 scrolls of remove curse
 s - 2 scrolls of fear
Potions
 d - 5 potions of might
 e - 10 potions of curing
 g - 4 potions of heal wounds
 h - 5 potions of haste
 i - 6 potions of magic
 j - 3 potions of berserk rage
 t - 2 potions of brilliance
 u - a potion of invisibility
 v - 4 potions of resistance
 x - 5 potions of agility
Books
 B - a manual of Axes
Comestibles
 a - 42 fruits
 c - 2 meat rations
 f - 5 bread rations


   Skills:
 + Level 13.9 Fighting
 + Level 12.6 Long Blades
 + Level 13.0 Armour
 + Level 13.0 Shields
 + Level 12.6 Spellcasting
 + Level 17.0 Invocations


You had 36 spell levels left.
You didn't know any spells.

Dungeon Overview and Level Annotations

Branches:
Dungeon (1/1)

Altars:
Ashenzari
Cheibriados
Dithmenos
Elyvilon
Fedhas
Gozag
Hepliaklqana
Kikubaaqudgha
Makhleb
Nemelex Xobeh
Okawaru
Qazlal
Ru
Sif Muna
Trog
Uskayaw
Vehumet
Xom
Yredelemnul
Zin
The Shining One
Beogh
Jiyva
Lugonu

Annotations:
D 1 transporter


Innate Abilities, Weirdness & Mutations

You have sharp fingernails.
You are surrounded by a moderate repulsion field. (EV +3)
Your flesh is cold resistant. (rC+)
A demonic guardian rushes to your aid.
You may emit foul miasma when damaged in melee.
You are immune to rotting.


Message History

The Orb Guardian is engulfed in poison gas.
The Orb Guardian is poisoned.
You block the Orb Guardian's attack.
GONNNNG!
The purple draconian is engulfed in poison gas.
The purple draconian is poisoned.
Your phantasmal warrior blinks!
Your skeletal warrior hits the quicksilver dragon with a trident!
Unknown command.
You hit the Orb Guardian.
The Orb Guardian is lightly wounded.
You are engulfed in poison gas.
You are lethally poisoned!
* * * LOW HITPOINT WARNING * * *
x2 You feel sick.
The quicksilver dragon bites your skeletal warrior!
Your skeletal warrior is destroyed!
The Orb Guardian is engulfed in poison gas.
The Orb Guardian looks even sicker.
The Orb Guardian hits you!!
You die...
Your body rises from the dead as a mindless zombie.

▓▓▓▓▓▓▓▓▓▓▓▓▓▓▓..)[[))=W
▓.....8©8.....▓...)[.|?|
▓..[[")})[[|.W▓.........
▓.y)[.})%::}..▓.....V...
▓.....Xdd.....▓....[....
▓....ddd§Xd...▓.........
▓...dddddd....▓..▓.....▓
▓.....XX§D....▓.▓▓▓...▓▓
▓....W4@§.§...▓..▓.....▓
▓..▓..nDzW.▓..▓........)
▓ ▓▓V.nWW▓▓ ▓▓▓▓▓▓▓▓▓▓
▓..▓..VDWWW▓..▓....8©8..
▓.......W.....▓..|)|.).Z
▓.......W.....▓..."[):[Z
▓▓▓▓▓▓▓▓▓▓▓▓▓▓▓.......Z.
▓.....Z... ▓.....).).


You could see a yellow draconian, 2 draconians, 3 draconians, 2 draconians, 4
draconians, a quicksilver dragon, 4 Orb Guardians, a moth of wrath, 2 friendly
bone dragons, 2 friendly ghouls, a friendly skeletal warrior, 6 friendly flayed
ghosts, 4 friendly phantasmal warriors, a friendly ice devil and 2 friendly
vampires.

Vanquished Creatures
  A shadow dragon (D)
  2 vault guards (D)
  A sixfirhy (D)
  2 orc knights (D)
  An ugly thing (D)
  2 deep elf magi (D)
  A merfolk (D)
  A warg (D)
  An ice beast (shapeshifter) (D)
  A necrophage (D)
  An ogre (D)
  A scorpion (D)
  A wight (D)
  A mummy (D)
  An ufetubus (D)
  An adder zombie (D)
  A worm (shapeshifter) (D)
  A bat skeleton (D)
  A ball python zombie (D)
  A jackal skeleton (D)
23 creatures vanquished.

Vanquished Creatures (collateral kills)
  A lich (D)
  A quicksilver dragon (D)
  A tentacled starspawn (D)
  A shadow dragon (D)
  A ghoul (D)
  3 stone giants (D)
  A vampire knight (D)
  3 crystal guardians (D)
  6 vault guards (D)
  2 dancing weapons (D)
  A two-headed ogre (D)
  An orc high priest (D)
  2 soul eaters (D)
  5 iron golems (D)
  A skeletal warrior (D)
  A deep elf archer (D)
  2 necromancers (D)
  2 deep elf magi (D)
  A gargoyle (D)
  A yaktaur (D)
  2 merfolk (D)
  A jumping spider (D)
  A polar bear (shapeshifter) (D)
  A hippogriff (D)
  2 shadows (D)
  An air elemental (D)
  A fire elemental (D)
  2 wargs (D)
  A black bear (shapeshifter) (D)
  3 ogres (D)
  8 orc warriors (D)
  5 necrophages (D)
  A phantom (D)
  2 centaurs (D)
  3 earth elementals (D)
  4 scorpions (D)
  3 wights (D)
  2 iron imps (D)
  An orc wizard (D)
  A white imp (D)
  3 ufetubi (D)
  An adder zombie (D)
  An adder skeleton (D)
  A spectral bat (D)
  3 bat skeletons (D)
  6 bat zombies (D)
  3 giant cockroach zombies (D)
  2 leopard gecko skeletons (D)
  2 leopard gecko zombies (D)
  A quokka skeleton (D)
105 creatures vanquished.

Vanquished Creatures (others)
  A ghoul (D)
  2 skeletal warriors (D)
  5 flayed ghosts (D)
  A vampire (D)
  12 flying skulls (D)
  3 wraiths (D)
  2 wights (D)
26 creatures vanquished.

Grand Total: 154 creatures vanquished

Notes
Turn   | Place    | Note
-------+----------+-------------------------------------------
     0 | D        | potatolord6000 the Demonspawn Fighter began the quest for the Orb.
     0 | D        | Reached XP level 1. HP: 18/18 MP: 1/1
     0 | D        | Found a deep blue altar of Sif Muna.
     0 | D        | Found a bloodstained altar of Trog.
     0 | D        | Found a sacrificial altar of Ru.
     0 | D        | Found a stormy altar of Qazlal.
     0 | D        | Found an iron altar of Okawaru.
     2 | D        | Found a sparkling altar of Nemelex Xobeh.
     3 | D        | Found an ancient bone altar of Kikubaaqudgha.
     3 | D        | Found a transporter.
     3 | D        | Found a corrupted altar of Lugonu.
     3 | D        | Found a viscous altar of Jiyva.
     3 | D        | Found a burning altar of Makhleb.
     3 | D        | Found a hazy altar of Hepliaklqana.
     3 | D        | Found an opulent altar of Gozag.
    43 | D        | Found a blossoming altar of Fedhas.
    77 | D        | Became a worshipper of Yredelemnul the Dark
    90 | D        | Reached skill level 3 in Invocations
    90 | D        | Gained mutation: You are immune to rotting. [demonic ancestry]
    90 | D        | Reached XP level 2. HP: 25/25 MP: 1/5
   136 | D        | Entered arena 2.
   136 | D        | Noticed a deep elf mage
   136 | D        | Noticed a fire elemental
   136 | D        | Found a transporter.
   140 | D        | Killed a deep elf mage
   140 | D        | Reached skill level 5 in Long Blades
   140 | D        | Reached skill level 5 in Armour
   140 | D        | Reached skill level 5 in Spellcasting
   140 | D        | Reached skill level 7 in Invocations
   140 | D        | Reached XP level 3. HP: 35/35 MP: 5/9
   140 | D        | Gained mutation: You have sharp fingernails. [demonic ancestry]
   140 | D        | Reached XP level 4. HP: 41/41 MP: 6/11
   140 | D        | Gained mutation: A weak demonic guardian rushes to your aid. [demonic ancestry]
   140 | D        | Reached XP level 5. HP: 47/47 MP: 6/12
   140 | D        | Reached XP level 6. HP: 53/53 MP: 6/13
   143 | D        | Killed a fire elemental
   143 | D        | Reached * piety under Yredelemnul
   149 | D        | Entered arena 3.
   149 | D        | Found a transporter.
   154 | D        | Reached skill level 8 in Invocations
   156 | D        | Reached ** piety under Yredelemnul
   163 | D        | Got the cursed ring of Lybo {rN+ Str-2}
   166 | D        | Entered arena 4.
   166 | D        | Noticed a cyan ugly thing
   166 | D        | Noticed a naga
   166 | D        | Noticed a porcupine
   166 | D        | a crocodile changed into a porcupine
   166 | D        | Found a transporter.
   169 | D        | a porcupine changed into a howler monkey
   170 | D        | Noticed a blink frog
   170 | D        | a howler monkey changed into a blink frog
   172 | D        | Noticed an ice beast
   172 | D        | a naga changed into an ice beast
   176 | D        | Killed a cyan ugly thing
   176 | D        | Reached skill level 9 in Invocations
   176 | D        | Gained mutation: You are surrounded by a mild repulsion field. (EV +2) [demonic ancestry]
   176 | D        | Reached XP level 7. HP: 61/61 MP: 9/16
   185 | D        | a blink frog changed into a black bear
   191 | D        | Reached *** piety under Yredelemnul
   191 | D        | Reached XP level 8. HP: 68/68 MP: 11/17
   206 | D        | Entered arena 5.
   206 | D        | Found a transporter.
   215 | D        | Reached **** piety under Yredelemnul
   216 | D        | Received a gift from Yredelemnul (4 flying skulls)
   216 | D        | Received a gift from Yredelemnul (5 flying skulls)
   228 | D        | Entered arena 6.
   228 | D        | Found a transporter.
   233 | D        | Received a gift from Yredelemnul (2 flying skulls)
   233 | D        | Received a gift from Yredelemnul (a wraith)
   249 | D        | Entered arena 7.
   249 | D        | Noticed a hippogriff
   249 | D        | Noticed a merfolk
   249 | D        | Noticed a merfolk
   249 | D        | Noticed a merfolk
   250 | D        | Found a transporter.
   254 | D        | Killed a hippogriff
   254 | D        | Reached skill level 10 in Invocations
   254 | D        | Reached ***** piety under Yredelemnul
   256 | D        | Killed a merfolk
   259 | D        | Killed a merfolk
   260 | D        | Killed a merfolk
   261 | D        | Received a gift from Yredelemnul (a wight)
   261 | D        | Received a gift from Yredelemnul (2 flying skulls)
   356 | D        | Entered arena 8.
   356 | D        | Noticed a jumping spider
   357 | D        | Found a transporter.
   362 | D        | Gained mutation: You are surrounded by a moderate repulsion field. (EV +3) [demonic ancestry]
   362 | D        | Reached XP level 9. HP: 76/76 MP: 20/20
   365 | D        | Received a gift from Yredelemnul (a phantasmal warrior)
   365 | D        | Received a gift from Yredelemnul (a wight)
   365 | D        | Received a gift from Yredelemnul (a vampire)
   367 | D        | Killed a jumping spider
   371 | D        | Entered arena 9.
   372 | D        | Found a transporter.
   373 | D        | Received a gift from Yredelemnul (a wraith)
   373 | D        | Reached ****** piety under Yredelemnul
   374 | D        | Received a gift from Yredelemnul (a flayed ghost)
   376 | D        | Reached skill level 11 in Invocations
   381 | D        | Entered arena 10.
   381 | D        | Noticed a deep elf mage
   381 | D        | Noticed a war axe of flaming
   381 | D        | Noticed a deep elf archer
   381 | D        | Noticed a flail of draining
   381 | D        | Noticed a deep elf mage
   381 | D        | Noticed a polar bear
   381 | D        | Noticed a deep elf mage
   382 | D        | Found a transporter.
   389 | D        | Killed a deep elf mage
   391 | D        | Killed a polar bear
   392 | D        | Received a gift from Yredelemnul (a flayed ghost)
   394 | D        | Killed a war axe of flaming
   394 | D        | Killed a deep elf archer
   394 | D        | Reached skill level 10 in Fighting
   395 | D        | Received a gift from Yredelemnul (a wraith)
   397 | D        | Killed a deep elf mage
   397 | D        | Reached skill level 12 in Invocations
   398 | D        | Killed a flail of draining
   398 | D        | Gained mutation: A demonic guardian rushes to your aid. [demonic ancestry]
   398 | D        | Reached XP level 10. HP: 80/86 MP: 15/23
   399 | D        | Received a gift from Yredelemnul (a flayed ghost)
   399 | D        | Killed a deep elf mage
   402 | D        | Entered arena 11.
   402 | D        | Noticed a tentacled starspawn
   402 | D        | Noticed a sixfirhy
   403 | D        | Found a transporter.
   406 | D        | Killed a sixfirhy
   407 | D        | Received a gift from Yredelemnul (a flayed ghost)
   409 | D        | Received a gift from Yredelemnul (a wraith)
   409 | D        | Received a gift from Yredelemnul (a vampire)
   412 | D        | Killed a tentacled starspawn
   412 | D        | Reached skill level 10 in Armour
   412 | D        | Reached skill level 10 in Shields
   412 | D        | Reached skill level 13 in Invocations
   419 | D        | Got the ring "Xonykk" {MR+ Str+4 SInv}
   522 | D        | Entered arena 12.
   522 | D        | Noticed an orc high priest
   524 | D        | Received a gift from Yredelemnul (a flayed ghost)
   524 | D        | Noticed an orc knight
   526 | D        | Found a transporter.
   527 | D        | Noticed a rust devil
   528 | D        | Killed an orc high priest
   529 | D        | Received a gift from Yredelemnul (a phantasmal warrior)
   531 | D        | Received a gift from Yredelemnul (a profane servitor)
   534 | D        | Killed an orc knight
   534 | D        | Reached skill level 10 in Long Blades
   534 | D        | Reached skill level 10 in Spellcasting
   542 | D        | Entered arena 13.
   542 | D        | Noticed an orc knight
   542 | D        | Noticed a two-headed ogre
   543 | D        | Noticed an orc warlord
   544 | D        | Found a transporter.
   547 | D        | Received a gift from Yredelemnul (a flayed ghost)
   548 | D        | Killed a two-headed ogre
   551 | D        | Killed an orc knight
   552 | D        | Received a gift from Yredelemnul (a flayed ghost)
   552 | D        | Killed an orc warlord
   552 | D        | Enslaved an orc warlord
   552 | D        | Gained mutation: You may emit foul miasma when damaged in melee. [demonic ancestry]
   552 | D        | Reached XP level 11. HP: 76/93 MP: 6/25
   570 | D        | Entered arena 14.
   571 | D        | Noticed a vault guard
   571 | D        | Noticed a vault guard
   571 | D        | Noticed a vault guard
   571 | D        | Noticed a vault guard
   571 | D        | Noticed a vault guard
   572 | D        | Noticed a shadow dragon
   572 | D        | Noticed a stone giant
   572 | D        | Noticed a vault guard
   572 | D        | Noticed a lich
   572 | D        | Noticed a vault guard
   573 | D        | Noticed a vault guard
   573 | D        | Found a transporter.
   577 | D        | Killed a vault guard
   577 | D        | Reached skill level 14 in Invocations
   582 | D        | Killed a vault guard
   582 | D        | Received a gift from Yredelemnul (a vampire)
   584 | D        | Killed a lich
   585 | D        | Killed a shadow dragon
   585 | D        | Killed a vault guard
   585 | D        | Killed a stone giant
   586 | D        | Received a gift from Yredelemnul (a vampire knight)
   586 | D        | Received a gift from Yredelemnul (a skeletal warrior)
   586 | D        | Received a gift from Yredelemnul (a skeletal warrior)
   586 | D        | Killed a vault guard
   586 | D        | Reached skill level 15 in Invocations
   586 | D        | Killed a vault guard
   587 | D        | Killed a vault guard
   587 | D        | Killed a vault guard
   589 | D        | Killed a vault guard
   691 | D        | Entered arena 15.
   692 | D        | Noticed a shadow dragon
   692 | D        | Noticed a soul eater
   693 | D        | Noticed a soul eater
   693 | D        | Noticed a ghoul
   694 | D        | Found a transporter.
   696 | D        | Received a gift from Yredelemnul (a bone dragon)
   697 | D        | Received a gift from Yredelemnul (a phantasmal warrior)
   701 | D        | Killed a ghoul
   702 | D        | Received a gift from Yredelemnul (a ghoul)
   702 | D        | Killed a shadow dragon
   702 | D        | Gained mutation: Your flesh is cold resistant. (rC+) [demonic ancestry]
   702 | D        | Reached XP level 12. HP: 80/103 MP: 27/27
   727 | D        | Entered arena 16.
   727 | D        | Noticed a vampire knight
   730 | D        | Found a transporter.
   731 | D        | Received a gift from Yredelemnul (a bone dragon)
   732 | D        | Killed a vampire knight
   732 | D        | Reached skill level 16 in Invocations
   733 | D        | Received a gift from Yredelemnul (a skeletal warrior)
   733 | D        | Received a gift from Yredelemnul (a ghoul)
   737 | D        | Received a gift from Yredelemnul (a phantasmal warrior)
   742 | D        | Entered arena 17.
   745 | D        | Noticed a crystal guardian
   745 | D        | Noticed a stone giant
   745 | D        | Noticed a crystal guardian
   745 | D        | Noticed a quicksilver dragon
   745 | D        | Noticed a stone giant
   746 | D        | Noticed a crystal guardian
   747 | D        | Found a transporter.
   749 | D        | HP: 1/105 [quicksilver dragon/bolt of dispelling energy (51)]
   752 | D        | Killed a stone giant
   753 | D        | Received a gift from Yredelemnul (a flayed ghost)
   753 | D        | Killed a quicksilver dragon
   753 | D        | Killed a stone giant
   756 | D        | Killed a crystal guardian
   756 | D        | Killed a crystal guardian
   760 | D        | Received a gift from Yredelemnul (a flayed ghost)
   760 | D        | Received a gift from Yredelemnul (a skeletal warrior)
   760 | D        | Received a gift from Yredelemnul (a flayed ghost)
   762 | D        | Received a gift from Yredelemnul (a ghoul)
   762 | D        | Received a gift from Yredelemnul (a flayed ghost)
   762 | D        | HP: 3/106 [crystal guardian/crystal bolt (22)]
   764 | D        | Killed a crystal guardian
   765 | D        | Received a gift from Yredelemnul (a vampire)
   765 | D        | Received a gift from Yredelemnul (a phantasmal warrior)
   768 | D        | Reached skill level 17 in Invocations
   847 | D        | Entered arena 18.
   850 | D        | Noticed a red draconian
   850 | D        | Noticed a purple draconian
   850 | D        | Noticed a white draconian
   850 | D        | Noticed a white draconian
   850 | D        | Noticed an Orb Guardian
   850 | D        | Noticed a green draconian
   850 | D        | Noticed a white draconian
   850 | D        | Noticed a quicksilver dragon
   850 | D        | Noticed a yellow draconian
   851 | D        | Noticed an Orb Guardian
   851 | D        | Noticed a purple draconian
   851 | D        | Noticed a purple draconian
   851 | D        | Noticed a red draconian
   851 | D        | Noticed a white draconian
   851 | D        | Noticed a green draconian
   852 | D        | Noticed an Orb Guardian
   852 | D        | Noticed an Orb Guardian
   852 | D        | Found a transporter.
   854 | D        | Slain by an Orb Guardian

Skill      XL: |  1  2  3  4  5  6  7  8  9 10 11 12 |
---------------+-------------------------------------+-----
Fighting       | 4 6 7 8 9 10 11 12 13 | 13.9
Long Blades    | 3 5 6 7 9 10 11 12 | 12.6
Armour         | 3 5 7 8 9 10 12 13 | 13.0
Shields        | 3 6 7 8 9 10 12 13 | 13.0
Spellcasting   | 2 5 6 7 9 10 11 12 | 12.6
Invocations    | 3 7 9 10 12 13 15 17 | 17.0

Action                   |  1- 3 |  4- 6 |  7- 9 | 10-12 || total
-------------------------+-------+-------+-------+-------++-------
Melee: Double sword      |     2 |    14 |    34 |    41 ||    91
Invok: Injury Mirror     |       |       |     2 |     1 ||     3
       Drain Life        |       |       |     1 |    10 ||    11
       Enslave Soul      |       |       |       |     2 ||     2
       Animate Dead      |       |       |       |     1 ||     1
  Use: Potion            |     3 |       |       |     8 ||    11
 Stab: Distracted        |       |       |       |     3 ||     3
  Eat: Meat ration       |       |       |       |     2 ||     2
Armor: Plate armour      |       |     4 |    24 |    52 ||    80
Dodge: Dodged            |       |       |     4 |    15 ||    19
Block: Shield            |     5 |    16 |    85 |   132 ||   238
       Rpst.: Double sword |       |       |     2 |     1 ||     3
